 Dungeon Sprint DCSS version 0.17-a0-1248-g117de50 (webtiles) character file.

1165 Kidiri the Covert (level 8, -4/44 HPs)
             Began as a Spriggan Assassin on June 5, 2015.
             Slain by a yaktaur captain (19 damage)
             ... in the Dungeon (Sprint II: "The Violet Keep of Menkaure").
             The game lasted 00:10:30 (1153 turns).

Kidiri the Covert (Spriggan Assassin)               Turns: 1153, Time: 00:10:30

Health: -4/44      AC:  3    Str: 13    XL:     8   Next: 17%
Magic:  19/27      EV: 34    Int: 20    God:
Gold:   152        SH:  0    Dex: 27    Spells: 0 memorised, 7 levels left

rFire  . . .     SeeInvis +     f - +1 rapier "Oloschas" {freeze, rPois rN+ MP+9 Int+2}
rCold  . . .     Clarity  .     e - +0 robe of Fun {Dex+8 SInv}
rNeg   + . .     SustAt   .     (shield restricted)
rPois  +         Gourm    .     (helmet restricted)
rElec  .         Spirit   .     d - +0 cloak
rCorr  .         Warding  .     (gloves unavailable)
rMut   .         NoTele   +     (boots unavailable)
MR     ++...                    (no amulet)
Stlth  +++++++...               (no ring)
                                n - ring "Tykesaof" {-Tele MR+ MP+9 Str+6 Int+3}

@: drained, very quick, very resistant to hostile enchantments, extremely
stealthy
A: unfitting armour, claws 1, see invisible, clever 1, herbivore 3, speed 3,
slow metabolism 2, subdued magic 1
a: no special abilities


You were in the Dungeon.
You were not hungry.

You visited 1 branch You collected 972 gold pieces.
You spent 820 gold pieces at shops.

Inventory:

Hand weapons
 a - a +2 dagger
 b - a +0 blowgun
 f - the +1 rapier "Oloschas" (weapon) {freeze, rPois rN+ MP+9 Int+2}
   (You bought it in a shop in the Dungeon)

   It has been specially enchanted to freeze those struck by it, causing extra
   injury to most foes and up to half again as much damage against particularly
   susceptible opponents.
   It can also slow down cold-blooded creatures.
   It affects your intelligence (+2).
   It protects you from poison.
   It protects you from negative energy.
   It affects your magic capacity (+9).
Missiles
 o - 3 poisoned needles
Armour
 c - a +0 robe
 d - a +0 cloak (worn)
 e - the +0 robe of Fun (worn) {Dex+8 SInv}
   (You bought it in a shop in the Dungeon)

   It affects your dexterity (+8).
   It lets you see invisible.
Jewellery
 n - the ring "Tykesaof" (left claw) {-Tele MR+ MP+9 Str+6 Int+3}
   (You bought it in a shop in the Dungeon)

   [ring of intelligence]

   It affects your strength (+6).
   It affects your intelligence (+3).
   It affects your resistance to hostile enchantments.
   It affects your magic capacity (+9).
   It prevents most forms of teleportation.
Scrolls
 m - a scroll of blinking
Potions
 h - a potion of curing
 j - a potion of haste
 k - 2 potions of magic
 l - a potion of berserk rage
Comestibles
 g - a bread ration


   Skills:
 + Level 5.6(5.3) Fighting
 * Level 10.1(9.8) Short Blades
 + Level 7.2(6.9) Throwing
 * Level 12.7(12.4) Dodging
 * Level 14.4(14.1) Stealth


You had 7 spell levels left.
You didn't know any spells.

Dungeon Overview and Level Annotations

Branches:
Dungeon (1/1)

Altars:

Shops:
D !=:[(?![!=::%(}[

Annotations:
D exclusions: oklob plant and orange crystal statue, Kirke


Innate Abilities, Weirdness & Mutations

You are tiny and cannot use many weapons and most armour.
You have supernaturally acute eyesight.
You are a herbivore.
You cover ground extremely quickly.
You need consume almost no food.
You have sharp fingernails.
Your mind is acute. (Int +2)
Your spells are a little easier to cast, but a little less powerful.


Message History

A skeletal warrior comes into view. It is wielding a short sword.
You hit the yaktaur captain but do no damage.
The yaktaur captain is moderately wounded.
The yaktaur captain completely misses you.
You hit the yaktaur captain. You freeze the yaktaur captain.
The yaktaur captain is heavily wounded.
The yaktaur captain completely misses you.
You hit the yaktaur captain but do no damage.
The yaktaur captain is heavily wounded.
You hit the yaktaur captain. You freeze the yaktaur captain.
The yaktaur captain is heavily wounded.
The yaktaur captain misses you.
Kirke opens the gate.
The lava snake spits lava at you. The glob of lava hits you!
You hit the yaktaur captain. You freeze the yaktaur captain.
The yaktaur captain is severely wounded.
You hit the yaktaur captain. You freeze the yaktaur captain.
The yaktaur captain is severely wounded.
The yaktaur captain hits you!!
You die...

##≈§≈§§§§## ##§≈§§§§§≈§## #
+§§≈≈≈§§§§§§# cc####≈§≈§≈§§≈§
K..≈##§SSSS§
###########≈≈#'''#+++##
##########≈≈≈z@H(H....#
#.......∩#≈≈≈≈.##c##..#
#∩.....∩.#≈≈≈≈##@..##.####
#.∩...∩.∩#≈≈≈≈#..##.#....#
#∩.∩.∩.∩.#≈≈######.####..#
#.∩.∩.∩..#≈##.# #'###.##..#
#..∩.∩...#≈#..###.##.).#..#
#...⌠....'≈'##.'.<.'.#.+..##
#........#%#..###.##...#.§..
▓▓▓▓▓▓▓###≈##.###'###.##X...
#l.$######≈≈####.#.####{ww...


You could see a yaktaur captain, a harpy and 2 lava snakes.

Vanquished Creatures
  A siren (D)
  2 boulder beetles (D)
  A crocodile (D)
  4 brain worms (D)
  A hell rat (D)
  4 worker ants (D)
13 creatures vanquished.

Vanquished Creatures (others)
  13 tentacles (D)
  192 tentacle segments (D)
205 creatures vanquished.

Grand Total: 218 creatures vanquished

Notes
Turn   | Place    | Note
--------------------------------------------------------------
     0 | D        | Kidiri the Spriggan Assassin began the quest for the Orb.
     0 | D        | Reached XP level 1. HP: 10/10 MP: 2/2
     1 | D        | Noticed a brain worm
     6 | D        | Killed a brain worm
     6 | D        | Reached skill level 5 in Dodging
     6 | D        | Reached skill level 8 in Stealth
     6 | D        | Reached XP level 2. HP: 14/16 MP: 3/3
     6 | D        | Reached XP level 3. HP: 16/19 MP: 4/4
     6 | D        | Reached XP level 4. HP: 19/23 MP: 5/5
     7 | D        | Noticed a brain worm
     8 | D        | Killed a brain worm
     8 | D        | Reached skill level 5 in Short Blades
     8 | D        | Reached skill level 9 in Stealth
    10 | D        | Noticed a brain worm
    10 | D        | Noticed a brain worm
    13 | D        | Killed a brain worm
    13 | D        | Reached skill level 10 in Stealth
    13 | D        | Reached XP level 5. HP: 22/29 MP: 6/6
    23 | D        | Killed a brain worm
    23 | D        | Reached skill level 5 in Throwing
    23 | D        | Reached skill level 11 in Stealth
    23 | D        | Reached XP level 6. HP: 19/33 MP: 7/7
   147 | D        | Noticed a boulder beetle
   147 | D        | Noticed a boulder beetle
   399 | D        | Noticed a worker ant
   399 | D        | Noticed a worker ant
   401 | D        | Noticed a worker ant
   401 | D        | Noticed a worker ant
   402 | D        | Killed a worker ant
   403 | D        | Killed a worker ant
   405 | D        | Killed a worker ant
   408 | D        | Killed a worker ant
   408 | D        | Reached skill level 10 in Dodging
   425 | D        | Noticed a siren
   428 | D        | Killed a siren
   428 | D        | Reached skill level 5 in Fighting
   428 | D        | Reached skill level 13 in Stealth
   428 | D        | Reached XP level 7. HP: 37/39 MP: 8/8
   450 | D        | Killed a boulder beetle
   483 | D        | Killed a boulder beetle
   483 | D        | Reached skill level 14 in Stealth
   483 | D        | Reached XP level 8. HP: 44/44 MP: 9/9
   501 | D        | Noticed a lava snake
   502 | D        | Noticed a lava snake
   502 | D        | Noticed a lava snake
   503 | D        | Noticed a lava snake
   503 | D        | Noticed a crocodile
   504 | D        | Found Soylyziec's Gadget Shoppe.
   504 | D        | Found Uteosaafyg's Antique Armour Emporium.
   505 | D        | Killed a crocodile
   505 | D        | Reached skill level 10 in Short Blades
   506 | D        | Found Ebri's Food Shoppe.
   506 | D        | Found Peupt's Antique Weapon Emporium.
   516 | D        | Noticed a kraken
   565 | D        | Found Aqivvux's Book Shoppe.
   565 | D        | Found Oklim's Book Emporium.
   566 | D        | Found Jumuit's Distillery.
   566 | D        | Found Yves Ijui's Jewellery Emporium.
   567 | D        | Found Kuzetinipt's Antique Armour Shoppe.
   568 | D        | Found Ychilaca's Magic Scroll Emporium.
   568 | D        | Found Fomm's Distillery.
   568 | D        | Noticed a wyvern
   578 | D        | Noticed a hell rat
   615 | D        | Killed a hell rat
   620 | D        | Found Heclimo's Weapon Emporium.
   620 | D        | Found Ucaloaq's Antique Armour Shoppe.
   620 | D        | Noticed a wyvern
   620 | D        | Noticed an oklob plant
   621 | D        | Found Kaacw's Jewellery Shoppe.
   621 | D        | Found Qem Dodu's Book Shoppe.
   621 | D        | Found Qak Xuett's Distillery.
   622 | D        | Noticed an iron elemental
   643 | D        | Bought a smoking robe for 136 gold pieces
   653 | D        | Identified the +0 robe of Fun {Dex+8 SInv} (You bought it in a shop in the Dungeon)
   659 | D        | Noticed a black bear
   664 | D        | Bought a potion of mutation for 30 gold pieces
   664 | D        | Gained mutation: Your spells are a little easier to cast, but a little less powerful. [potion of mutation]
   664 | D        | Gained mutation: Your mind is acute. (Int +2) [potion of mutation]
   664 | D        | Gained mutation: You have sharp fingernails. [potion of mutation]
   667 | D        | Bought a scorched rapier for 189 gold pieces
   667 | D        | Identified the cursed +1 rapier "Oloschas" {freeze, rPois rN+ MP+9 Int+2} (You bought it in a shop in the Dungeon)
   672 | D        | Noticed a black bear
   674 | D        | Noticed a black bear
   679 | D        | Bought the ring "Tykesaof" {-Tele MR+ MP+9 Str+6 Int+3} for 423 gold pieces
   685 | D        | Bought a scroll of remove curse for 42 gold pieces
   798 | D        | Noticed an orange crystal statue
  1116 | D        | Noticed Kirke
  1116 | D        | Noticed a yaktaur captain
  1116 | D        | Noticed a kobold demonologist
  1117 | D        | Noticed a centaur warrior
  1142 | D        | Noticed a harpy
  1144 | D        | Noticed a harpy
  1147 | D        | Noticed a skeletal warrior
  1153 | D        | Slain by a yaktaur captain

Vault maps used:
D:        the_violet_keep_of_menkaure

Action                   |  1- 3 |  4- 6 |  7- 9 || total
-------------------------+-------+-------+-------++-------
Melee: Dagger            |     1 |    18 |    43 ||    62
       Rapier            |       |       |    15 ||    15
 Fire: Blowgun           |       |       |    17 ||    17
  Use: Potion            |       |       |     2 ||     2
       Scroll            |       |       |     1 ||     1
 Stab: Sleeping          |     1 |     8 |     2 ||    11
       Distracted        |       |       |     1 ||     1
